 Dungeon Crawl Stone Soup version 0.20.1-1-g8b1a95d (webtiles) character file.

3239 pstr the Destroyer (level 10, -1/53 HPs)
             Began as a Kobold Conjurer on Nov 18, 2017.
             Slain by a two-headed ogre
             ... wielding a +0 giant club
              (20 damage)
             ... on level 8 of the Dungeon.
             The game lasted 00:29:06 (11697 turns).

pstr the Destroyer (Kobold Conjurer)               Turns: 11697, Time: 00:29:06

Health: -1/53      AC: 10    Str:  6    XL:     10   Next: 18%
Magic:  13/21      EV: 17    Int: 15    God:    Xom [.*....]
Gold:   397        SH:  0    Dex: 16    Spells: 20/23 levels left

rFire    . . .     SeeInvis .   F - +1 quarterstaff (crush)
rCold    . . .     Gourm    .   (shield currently unavailable)
rNeg     . . .     Faith    .   g - +0 ring mail
rPois    .         Spirit   .   (no helmet)
rElec    .         Reflect  .   Q - +0 cloak
rCorr    .         Harm     +   D - +0 pair of gloves
MR       .....                  O - +0 pair of boots
Stlth    ++........             y - amulet of harm
Regen    0.2/turn               d - +3 ring of evasion
MPRegen  0.2/turn               h - -4 ring of intelligence (curse)

@: no status effects
A: carnivore 3
a: Renounce Religion


You were on level 8 of the Dungeon.
You worshipped Xom.
You were a plaything of Xom.
You were completely stuffed.

You visited 2 branches of the dungeon, and saw 9 of its levels.

You collected 397 gold pieces.

Inventory:

Hand Weapons
 F - a +1 quarterstaff of crushing (weapon)
 N - the +6 whip of Immorality {protect, +Rage rPois Str-2 Int+2, unknown}
   (You found it on level 7 of the Dungeon)

   It protects the one who uses it against injury (+AC on strike).
   It affects your strength (-2).
   It affects your intelligence (+2).
   It protects you from poison.
   It lets you go berserk.
Missiles
 j - 249 stones (quivered)
 l - 97 arrows
Armour
 a - a +0 robe
 g - a +0 ring mail (worn)
 k - a +0 leather armour
 D - a +0 pair of gloves (worn)
 O - a +0 pair of boots (worn)
 Q - a +0 cloak (worn)
Jewellery
 d - a +3 ring of evasion (left hand)
 h - a cursed -4 ring of intelligence (right hand)
 n - an uncursed ring of fire
 p - an uncursed ring of protection from fire
 x - an uncursed ring of resist corrosion
 y - an amulet of harm (around neck)
Wands
 w - a wand of digging (13/24)
 I - a wand of flame (18/48)
 J - a wand of acid (2/15)
 P - a wand of acid (1/15)
Scrolls
 e - a scroll of amnesia {unknown}
 f - 13 scrolls of identify {unknown}
 i - 2 scrolls of enchant armour {unknown}
 m - 4 scrolls of random uselessness {unknown}
 u - a scroll of fog {unknown}
 v - 3 scrolls of enchant weapon {unknown}
 A - a scroll of teleportation {unknown}
 B - a scroll of magic mapping {unknown}
 C - 2 scrolls of remove curse {unknown}
 K - a scroll of fear {unknown}
Potions
 o - a potion of mutation {unknown}
 r - 2 potions of heal wounds {unknown}
 s - 4 potions of curing
 t - a potion of lignification {unknown}
 z - a potion of invisibility {unknown}
 E - 2 potions of might
 G - 2 potions of agility {unknown}
 H - 2 potions of brilliance {unknown}
 L - a potion of cancellation {unknown}
 M - a potion of resistance {unknown}
Books
 b - a book of Conjurations

   Spells                             Type                      Level
   a - Magic Dart                     Conjuration                  1
   b - Searing Ray                    Conjuration                  2
   c - Dazzling Spray                 Conjuration/Hexes            3
   d - Fulminant Prism                Conjuration/Hexes            4
   e - Force Lance                    Conjuration/Translocation    4
   f - Iskenderun's Mystic Blast      Conjuration                  4
Comestibles
 c - 6 meat rations
 q - 5 royal jellies
 R - a chunk of flesh


   Skills:
 + Level 1.6 Fighting
 + Level 1.6 Staves
 + Level 5.9 Armour
 + Level 5.2 Dodging
 + Level 4.6 Stealth
 + Level 7.4 Spellcasting
 + Level 8.3 Conjurations


You had 20 spell levels left.
You knew the following spells:

 Your Spells              Type           Power        Failure   Level  Hunger
a - Magic Dart            Conj           ####         1%          1    None
b - Searing Ray           Conj           ####..       1%          2    None


Dungeon Overview and Level Annotations

Branches:
Dungeon (8/15)             Temple (1/1) D:6
   Lair: D:8-11

Altars:
Cheibriados
Dithmenos
Elyvilon
Fedhas
Gozag
Makhleb
Nemelex Xobeh
Okawaru
Ru
Sif Muna
Uskayaw
Xom
Yredelemnul
The Shining One

Shops:
D:7 %


Innate Abilities, Weirdness & Mutations

You are small and have problems with some larger weapons.
You are carnivorous and can eat meat at any time.


Message History

(Press . to maintain the ray.)
The searing ray hits the two-headed ogre.
The two-headed ogre is moderately wounded.
The searing ray hits the two-headed ogre.
The two-headed ogre is heavily wounded.
Casting: Searing Ray
Confirm with . or Enter, or press ? or * to list all spells.
Aiming: Searing Ray
Press: ? - help, Shift-Dir - straight line, f/p - two-headed ogre
Aim: a two-headed ogre, wielding a giant club and a giant spiked club (heavily wounded)
The searing ray hits the two-headed ogre.
The two-headed ogre is severely wounded. (Press . to maintain the ray.)
The two-headed ogre hits you with a giant club.
The two-headed ogre barely misses you.
The searing ray hits the two-headed ogre.
The two-headed ogre is severely wounded.
The two-headed ogre hits you with a giant club!
You die...
Xom thinks this is hilarious!

...# #.....#### ...#
#......... ...###รท....#
...........# ######## .
...####..######......##..
.........................
...####.#.#####....%.....
...# #.#.#####.........#
...# #.#.......@O...$...
#.## #.#######.#........
#.#####.# #.#.#......
........# #.#........
........# ..#####....
........# .## #...
........# #. ...
.......)# ###.. ..
........# #..


You could see a two-headed ogre.

Vanquished Creatures
  Grinder (D:4)
  A fire bat (D:8)
  2 ice beasts
  3 ogres
  4 phantoms
  3 centaurs
  A big kobold (D:8)
  2 bullfrogs (D:8)
  A scorpion (D:6)
  A water moccasin skeleton (D:7)
  6 killer bees (D:7)
  5 wights
  2 howler monkeys (D:7)
  5 crimson imps
  A hound (D:5)
  3 jellies
  4 bullfrog skeletons
  2 orc priests
  Terence (D:2)
  2 iguanas (D:8)
  3 orc wizards
  6 worker ants
  9 adders
  8 gnolls (D:3)
  A shadow imp (D:7)
  An adder skeleton (D:7)
  4 worms
  A dart slug (D:1)
  4 leopard geckos
  14 orcs
  2 ball pythons
  9 bats
  18 giant cockroaches
  11 goblins
  6 hobgoblins
  6 jackals
  10 kobolds
  3 quokkas
  11 frilled lizards
  A jackal zombie (D:5)
  A quokka skeleton (D:6)
  7 rats
186 creatures vanquished.

Notes
Turn   | Place    | Note
-------+----------+-------------------------------------------
     0 | D:1      | pstr the Kobold Conjurer began the quest for the Orb.
     0 | D:1      | Reached XP level 1. HP: 10/10 MP: 3/3
   199 | D:1      | Reached XP level 2. HP: 15/15 MP: 3/5
   662 | D:1      | Reached XP level 3. HP: 19/19 MP: 0/6
  1290 | D:2      | Found a faded altar of an unknown god.
  1311 | D:1      | Reached skill level 5 in Conjurations
  1322 | D:1      | Reached XP level 4. HP: 19/24 MP: 0/7
  1452 | D:2      | Learned a level 2 spell: Searing Ray
  2873 | D:2      | Reached XP level 5. HP: 27/28 MP: 4/9
  2935 | D:2      | Noticed Terence
  2942 | D:2      | Killed Terence
  3733 | D:3      | Reached XP level 6. HP: 28/32 MP: 5/10
  4403 | D:3      | Reached skill level 1 in Armour
  4797 | D:3      | Reached skill level 6 in Conjurations
  5062 | D:4      | Noticed Grinder
  5062 | D:4      | Noticed a phantom
  5246 | D:3      | Killed a phantom
  5246 | D:3      | Reached XP level 7. HP: 30/37 MP: 0/12
  5503 | D:4      | Killed Grinder
  5744 | D:4      | Reached skill level 1 in Fighting
  6075 | D:4      | Reached XP level 8. HP: 43/43 MP: 7/14
  6398 | D:4      | Reached skill level 5 in Spellcasting
  6416 | D:5      | Entered Level 5 of the Dungeon
  6945 | D:4      | Found a blossoming altar of Fedhas.
  7364 | D:5      | Reached skill level 7 in Conjurations
  8452 | D:6      | Reached XP level 9. HP: 47/47 MP: 10/17
  8804 | D:6      | Reached skill level 1 in Staves
  8941 | D:6      | Found a staircase to the Ecumenical Temple.
  9131 | Temple   | Entered the Ecumenical Temple
  9193 | Temple   | Became a worshipper of Xom of Chaos
  9414 | D:6      | XOM: divination: detect items
  9737 | D:7      | XOM: harmless Hex miscast
  9829 | D:7      | Got an ancient whip
  9879 | D:7      | XOM: butterfly on damage
  9880 | D:7      | Reached skill level 5 in Armour
 10278 | D:7      | XOM: silly message
 10356 | D:7      | Reached skill level 8 in Conjurations
 10452 | D:7      | XOM: harmless Necr miscast
 10560 | D:7      | Found Kuevy's Food Boutique.
 10889 | D:7      | XOM: confusion
 10897 | D:8      | XOM: cast spell 'Statue Form'
 11068 | D:8      | XOM: confuse monster(s)
 11080 | D:8      | XOM: polymorph ice beast -> fire bat
 11177 | D:7      | XOM: god gift: 15 stones
 11210 | D:8      | Reached XP level 10. HP: 44/52 MP: 9/20
 11396 | D:8      | Reached skill level 5 in Dodging
 11690 | D:8      | Noticed a two-headed ogre
 11697 | D:8      | Slain by a two-headed ogre

Skill      XL: |  1  2  3  4  5  6  7  8  9 10 |
---------------+-------------------------------+-----
Stealth        | 3 4 |  4.6
Conjurations   | 5 6 7 8 |  8.3
Spellcasting   | 3 4 5 7 |  7.4
Dodging        | 3 4 5 |  5.2
Armour         | 1 2 3 5 |  5.9
Fighting       | 1 |  1.6
Staves         | 1 |  1.6

Action                   |  1- 3 |  4- 6 |  7- 9 | 10-12 || total
-------------------------+-------+-------+-------+-------++-------
Melee: Unarmed           |     7 |     1 |       |       ||     8
       Quarterstaff      |       |       |     2 |    13 ||    15
 Cast: Magic Dart        |    71 |    58 |    68 |    12 ||   209
       Searing Ray       |       |    35 |    81 |    13 ||   129
  Use: Potion            |       |       |     3 |       ||     3
  Eat: Chunk             |     9 |    15 |    20 |     2 ||    46
Armor: Robe              |     9 |       |       |       ||     9
       Ring mail         |       |     9 |    18 |     6 ||    33
       Skin              |       |       |    12 |       ||    12
Dodge: Dodged            |    31 |    45 |   125 |    29 ||   230
